 Dungeon Crawl Stone Soup version 0.24-a0-439-g6dd8730de2 (webtiles) character file.

Game seed: 17639066197459724903

6149 emperorscorpion the Cleaver (level 10, -24/96 HPs)
             Began as a Deep Dwarf Berserker on June 18, 2019.
             Was a Priest of Trog.
             Killed from afar by Jorgrun (60 damage)
             ... with an iron shot
             ... on level 2 of the Orcish Mines.
             The game lasted 00:19:04 (1537 turns).

emperorscorpion the Cleaver (Deep Dwarf Berserker)  Turns: 1537, Time: 00:19:06

Health: -24/96     AC: 15    Str: 24      XL:     10   Next: 59%
Magic:  2/2        EV:  7    Int:  8      God:    Trog [***...]
Gold:   403        SH:  0    Dex: 10 (12) Spells: 9/9 levels left

rFire    + + .     SeeInvis .   p - +1 battleaxe (vamp)
rCold    . . .     Gourm    +   (shield currently unavailable)
rNeg     . . .     Faith    .   n - +0 plate armour
rPois    .         Spirit   .   l - +0 helmet
rElec    .         Reflect  .   (no cloak)
rCorr    .         Harm     .   o - +0 pair of gloves
MR       +++..                  (no boots)
Stlth    ..........             g - amulet of the gourmand
HPRegen  1.00/turn              d - ring of protection from fire
MPRegen  0.08/turn              e - ring of protection from fire

@: grasped by roots, berserk cooldown, non-regenerating, slowed, constricted,
very slow
A: damage resistance, heal wounds, sense surroundings 2, no regeneration
a: Heal Wounds, Berserk, Trog's Hand, Renounce Religion


You were on level 2 of the Orcish Mines.
You worshipped Trog.
Trog was most pleased with you.
You were very full.

You visited 2 branches of the dungeon, and saw 14 of its levels.

You collected 403 gold pieces.

Inventory:

Hand Weapons
 a - a +0 war axe
 k - a +0 flail of protection
 m - a +0 hand axe
 p - a +1 vampiric battleaxe (weapon)
Missiles
 h - 2 atropa-tipped darts (quivered)
 q - 5 boomerangs
Armour
 b - a +0 animal skin
 i - a +0 leather armour
 j - a +0 ring mail
 l - a +0 helmet (worn)
 n - a +0 plate armour (worn)
 o - a +0 pair of gloves (worn)
Jewellery
 d - a ring of protection from fire (left hand)
 e - a ring of protection from fire (right hand)
 g - an amulet of the gourmand (around neck)
Scrolls
 f - a scroll of fear
Comestibles
 c - a ration
 r - a chunk of flesh


   Skills:
 + Level 8.0 Fighting
 + Level 11.0 Axes
 + Level 4.2 Throwing
 + Level 7.2 Armour
 + Level 8.5 Dodging
 + Level 6.8 Stealth


You had 9 spell levels left.
You didn't know any spells.
Your spell library contained the following spells:

 Spells                   Type           Power        Failure   Level  Hunger
 Infusion                 Chrm           #...         99%         1    ##.....
 Shroud of Golubria       Chrm/Tloc      #.....       100%        2    ###....
 Song of Slaying          Chrm           #.......     100%        2    ###....
 Spectral Weapon          Hex/Chrm       #.......     100%        3    ####...
 Regeneration             Chrm/Necr      Unusable     N/A         3    N/A

Dungeon Overview and Level Annotations

Branches:
Dungeon (12/15)               Orc (2/2) D:12
 Temple: D:4-7         Lair: D:8-11         Elf: Orc:2

Altars:

Shops:
D:7 (   Orc:1 [   Orc:2 [

Annotations:
Orc:2 Jorgrun


Innate Abilities, Weirdness & Mutations

You are resistant to damage.
You can heal yourself by infusing magical energy.
You passively map the area around you.
You do not regenerate.


Message History

The orc warrior hits you but does no damage.
Unknown command.
You feel much better. The warg bites you.
The orc warrior hits you from afar with a +0 trident.
Jorgrun hits you but does no damage. The grasping roots constrict you!
The orc sorcerer hits you but does no damage.
The orc warrior hits you with a +0 short sword!
* * * LOW HITPOINT WARNING * * *
The orc warrior hits you with a +0 battleaxe!
* * * LOW HITPOINT WARNING * * *
The warg bites you but does no damage.
Unknown command.
Your magical essence is drained by the effort!
You feel much better.
The orc warrior hits you but does no damage.
The orc sorcerer hits you with a +0 dagger.
Jorgrun gestures at you while chanting. The iron shot hits you!!!
Ouch! That really hurt!
You die...

#.#......#..... ,
, * **
............... ,
, *
.#..............,
, , ,,
..$#.#...<.^.... ,
* ..............$.
,................
,, ,
,........<.......
* ,, , ,
................ ,
, , *
.#...$oo@oP.....
,, *
*,.......ogh..P...
, ,
.....P.o........ ,
.......8........ ,
,
*###..P..........
, ,
#.....∩.......,, ,
, , ,,
#............., ,
, * ,
#........P.... , ,
,, , , , ,,,,, , *


You could see Jorgrun, a warg, an orc sorcerer and 4 orc warriors.

Vanquished Creatures
  A centaur warrior (D:12)
  An unseen horror (D:12)
  An ugly thing (D:12)
  Psyche (D:12)
  3 hippogriffs
  A wyvern (D:8)
  2 wraiths (D:12)
  2 hungry ghosts
  5 orc warriors
  A sky beast (D:10)
  2 phantoms (D:12)
  2 ogres
  5 centaurs
  A crocodile (D:12)
  A big kobold (D:12)
  A crimson imp (D:12)
  2 orc priests (D:12)
  2 hounds
  5 orc wizards
  2 worker ants (D:5)
  4 ogre zombies (D:12)
  A hound skeleton (D:6)
  A worker ant zombie (D:6)
  An adder (D:3)
  2 shadow imps
  An adder skeleton (D:8)
  33 orcs
  A giant cockroach (D:2)
  4 jackals
  A quokka (D:5)
  3 goblin zombies (D:12)
  A hobgoblin skeleton (D:12)
  A hobgoblin zombie (D:12)
  2 kobolds (D:12)
  An orc skeleton (D:12)
  10 orc zombies (D:12)
108 creatures vanquished.

Notes
Turn   | Place    | Note
-------+----------+-------------------------------------------
     0 | D:1      | emperorscorpion the Deep Dwarf Berserker began the quest
                  | for the Orb.
     0 | D:1      | Reached XP level 1. HP: 20/20 MP: 1/1
    88 | D:3      | Reached XP level 2. HP: 27/27 MP: 2/2
   171 | D:5      | Entered Level 5 of the Dungeon
   179 | D:5      | Reached skill level 4 in Axes
   179 | D:5      | Reached XP level 3. HP: 34/34 MP: 3/3
   184 | D:5      | Noticed a sky beast
   219 | D:5      | Noticed an ogre
   239 | D:5      | Killed an ogre
   239 | D:5      | Reached XP level 4. HP: 42/42 MP: 4/4
   289 | D:5      | Reached XP level 5. HP: 43/49 MP: 5/5
   318 | D:6      | Reached skill level 5 in Axes
   514 | D:7      | Found Leha's Antique Weapon Emporium.
   514 | D:7      | Noticed a hippogriff
   525 | D:7      | Killed a hippogriff
   525 | D:7      | Reached skill level 6 in Axes
   525 | D:7      | Reached XP level 6. HP: 44/57 MP: 6/6
   546 | D:7      | Noticed a hippogriff
   563 | D:7      | Killed a hippogriff
   563 | D:7      | Reached XP level 7. HP: 64/64 MP: 7/7
   613 | D:7      | Reached ** piety under Trog
   717 | D:8      | Noticed a hungry ghost
   717 | D:8      | Noticed a wyvern
   720 | D:8      | Reached skill level 7 in Axes
   723 | D:8      | Killed a wyvern
   723 | D:8      | Reached skill level 1 in Stealth
   728 | D:8      | Killed a hungry ghost
   806 | D:10     | Entered Level 10 of the Dungeon
   813 | D:10     | Reached XP level 8. HP: 72/73 MP: 8/8
   847 | D:10     | You fall into a shaft and drop 2 floors!
   847 | D:12     | Found a staircase to the Orcish Mines.
   869 | D:12     | Reached skill level 8 in Axes
   894 | D:12     | Reached skill level 9 in Axes
   894 | D:12     | Gained mutation: You passively map the area around you.
                  | [Deep Dwarf growth]
   894 | D:12     | Reached XP level 9. HP: 64/85 MP: 9/9
   945 | D:12     | Noticed a red ugly thing
  1003 | D:12     | Killed a red ugly thing
  1003 | D:12     | Reached skill level 10 in Axes
  1079 | D:12     | Noticed Psyche
  1100 | D:12     | Killed an unseen horror
  1104 | D:12     | Killed Psyche
  1121 | D:12     | Noticed a centaur warrior
  1143 | D:12     | Reached XP level 10. HP: 91/94 MP: 5/5
  1150 | D:12     | Killed a centaur warrior
  1155 | D:12     | Reached *** piety under Trog
  1162 | D:12     | HP: 4/144 [orc warrior/+0 mace (18)]
  1396 | Orc:1    | Entered Level 1 of the Orcish Mines
  1466 | Orc:1    | Found Ycvad's Armour Boutique.
  1511 | Orc:1    | Reached skill level 11 in Axes
  1528 | Orc:2    | Entered Level 2 of the Orcish Mines
  1528 | Orc:2    | Found Sisufotwy's Antique Armour Shop.
  1528 | Orc:2    | Noticed an orc sorcerer
  1530 | Orc:2    | Noticed Jorgrun
  1537 | Orc:2    | Killed from afar by Jorgrun

Levels and vault maps discovered:
D:1:      ldierk_walled_garden, layout_loops_ring, minmay_unequal
D:2:      layout_rooms, grunt_gozag_statues, nicolae_qazlal_eye_of_the_storm
D:3:      layout_rooms, old_standard_altar, first_ration, uniq_purgy,
          uniq_jessica
D:4:      layout_rooms, nicolae_overflow_hidden_temple, serial_shops, shop,
          makhleb_blood_cavern_becter, uniq_blork_the_orc, uniq_grinder
D:5:      layout_cave_pods, minmay_temple_entry_tees, serial_glass,
          glass_columns_a, glass_columns_b, glass_columns_a, glass_columns_a,
          minmay_strange_pillars, minmay_strange_pillars, item_on_display_b,
          item_on_display_a, uniq_menkaure, uniq_ijyb
D:6:      layout_cave_pods, lemuel_coloured_pillars_altar,
          gammafunk_ghost_cemetery
D:7:      layout_basic, serial_shops,
          nicolae_shop_temple_entry_statues_fountains, uniq_joseph
D:8:      layout_basic, nemelex_altar_shiori, marbit_many_paths, uniq_maurice,
          uniq_grum
D:9:      layout_basic, old_standard_altar, vehumet_crystals, serial_shops,
          nicolae_shop_trees, enter_bailey_3
D:10:     minmay_the_grid_triangle_9x9_rhombus_full
          [minmay_the_grid_triangle_9x9_fully_insulated_deathbox,
          minmay_the_grid_triangle_9x9_subtriangle,
          minmay_the_grid_triangle_9x9_dagger,
          minmay_the_grid_triangle_9x9_limited_checkers,
          minmay_the_grid_triangle_9x9_warning,
          minmay_the_grid_triangle_9x9_minimal,
          minmay_the_grid_triangle_9x9_sprig,
          minmay_the_grid_triangle_9x9_prize_top_heavy], layout_irregular_city,
          uniq_sonja
D:11:     layout_basic, erik_lair_island, grunt_livestock, uniq_fannar
D:12:     layout_roguey, zombieorc1_lemuel, uniq_psyche
Orc:1:    layout_diamond_mine, serial_shops, shop
Orc:2:    grunt_orc_gardens, layout_caves, grunt_orc_garden, grunt_orc_garden,
          grunt_orc_garden, grunt_orc_garden, nicolae_volcano_entry_lava_flow,
          uniq_jorgrun

Skill      XL: |  1  2  3  4  5  6  7  8  9 10 |
---------------+-------------------------------+-----
Fighting       | 3 4 6 7 8 |  8.0
Axes           | 4 6 7 9 10 11 | 11.0
Armour         | 3 4 6 7 |  7.2
Dodging        | 3 4 7 8 |  8.5
Stealth        | 1 6 |  6.8
Throwing       | 4 |  4.2

Action                   |  1- 3 |  4- 6 |  7- 9 | 10-12 || total
-------------------------+-------+-------+-------+-------++-------
Melee: Hand axe          |    23 |    59 |   168 |    92 ||   342
       War axe           |       |       |       |    33 ||    33
       Battleaxe         |       |       |       |    12 ||    12
Throw: Dart              |       |       |       |     1 ||     1
Invok: Berserk           |     3 |     3 |     6 |     2 ||    14
       Trog's Hand       |       |       |     2 |     1 ||     3
 Abil: Heal Wounds       |       |     1 |    24 |    15 ||    40
  Use: Scroll            |     1 |     2 |     2 |     1 ||     6
       Potion            |       |     2 |     3 |       ||     5
 Stab: Sleeping          |     1 |       |       |       ||     1
  Eat: Chunk             |       |     3 |    14 |     9 ||    26
       Ration            |       |       |     1 |     4 ||     5
Armor: Animal skin       |     1 |       |       |       ||     1
       Leather armour    |     1 |    14 |    90 |    38 ||   143
       Plate armour      |       |       |       |    31 ||    31
Dodge: Dodged            |    16 |    59 |   221 |   160 ||   456

Table legend:
 A = Non-vault XP
 B = Vault XP
 C = Vault XP percentage of total XP
 D = Non-vault monster count
 E = Vault monster count
 F = Vault count percentage of total count
                 A         B        C        D         E       F
            +---------+---------+-------+---------+---------+-------
      Total |    6193 |    1035 |  14.3 |      84 |      24 |  22.2
            +---------+---------+-------+---------+---------+-------
        D:2 |       2 |       0 |   0.0 |       1 |       0 |   0.0
        D:3 |      17 |       0 |   0.0 |       3 |       0 |   0.0
        D:5 |     201 |       0 |   0.0 |       8 |       0 |   0.0
        D:6 |      81 |       0 |   0.0 |       5 |       0 |   0.0
        D:7 |     515 |       0 |   0.0 |       7 |       0 |   0.0
        D:8 |     532 |       0 |   0.0 |       7 |       0 |   0.0
       D:10 |     162 |       0 |   0.0 |       2 |       0 |   0.0
       D:12 |    4102 |    1035 |  20.1 |      39 |      24 |  38.1
      Orc:1 |     581 |       0 |   0.0 |      12 |       0 |   0.0
            +---------+---------+-------+---------+---------+-------
